[Event "9th Bangabandhu Team Mixed 2021"]
[Site "Dhaka"]
[Date "2021.04.06"]
[Round "3.1"]
[White "Chowdhury, Sohel"]
[Black "Anata, Choudhury"]
[Result "1/2-1/2"]
[ECO "B25"]
[WhiteElo "2091"]
[BlackElo "2184"]
[Annotator "ChessBase"]
[PlyCount "64"]
[EventDate "2021.04.04"]
[EventType "team-tourn"]
[EventCountry "BAN"]
[SourceTitle "playchess.com"]
[Source "ChessBase"]
[SourceQuality "1"]
[TimeControl "5400+30"]

1. e4 c5 2. Nc3 Nc6 3. g3 g6 4. Bg2 Bg7 5. d3 d6 6. Nh3 e6 7. O-O Nge7 8. f4 O-O 9. Be3 Rb8 10. Qd2 b6 11. g4 d5 12. Nd1 dxe4 13. Bxe4 f5 14. gxf5 exf5 15. Bg2 Bb7 16. Ng5 Qd7 17. Nc3 Rbe8 18. Rae1 Nd4 19. Nf3 Nxf3+ 20. Bxf3 Bxf3 21. Rxf3 Nd5 22. Bf2 Rxe1+ 23. Qxe1 Re8 24. Qd2 Kf7 25. Rh3 Nf6 26. Re3 Ng4 27. Rxe8 Qxe8 28. h3 Nxf2 29. Kxf2 Bd4+ 30. Kg3 Qe7 31. Nd5 Qe6 32. c4 h6 1/2-1/2

[Event "9th Bangabandhu Team Mixed 2021"]
[Site "Dhaka"]
[Date "2021.04.06"]
[Round "3.2"]
[White "Mollah Abdullah, Al Rakib"]
[Black "Masum, Hossain"]
[Result "1-0"]
[ECO "D03"]
[WhiteElo "2464"]
[BlackElo "2061"]
[Annotator "ChessBase"]
[PlyCount "61"]
[EventDate "2021.04.04"]
[EventType "team-tourn"]
[EventCountry "BAN"]
[SourceTitle "playchess.com"]
[Source "ChessBase"]
[SourceQuality "1"]
[TimeControl "5400+30"]

1. d4 d5 2. Nf3 Nf6 3. Bg5 e6 4. e3 a6 5. Nbd2 Be7 6. Bd3 Nbd7 7. a4 c5 8. c3 h6 9. Bh4 Qc7 10. O-O O-O 11. a5 e5 12. e4 dxe4 13. Nxe4 Re8 14. Nxf6+ Bxf6 15. Bg3 Qc6 16. Re1 e4 17. Qe2 g6 18. Bxe4 Qb5 19. Qxb5 axb5 20. Bd3 Rxe1+ 21. Rxe1 c4 22. Re8+ Kg7 23. Bf1 b6 24. a6 Bb7 25. Rxa8 Bxa8 26. Nd2 Bg5 27. Be2 Bxd2 28. Bf3 Bxf3 29. gxf3 b4 30. a7 bxc3 31. bxc3 1-0

[Event "9th Bangabandhu Team Mixed 2021"]
[Site "Dhaka"]
[Date "2021.04.06"]
[Round "3.3"]
[White "Jabed Al Azad"]
[Black "Mehdi Hasan Parag"]
[Result "1/2-1/2"]
[ECO "C92"]
[WhiteElo "1983"]
[BlackElo "2192"]
[Annotator "ChessBase"]
[PlyCount "112"]
[EventDate "2021.04.04"]
[EventType "team-tourn"]
[EventCountry "BAN"]
[SourceTitle "playchess.com"]
[Source "ChessBase"]
[SourceQuality "1"]
[TimeControl "5400+30"]

1. e4 e5 2. Nf3 Nc6 3. Bb5 a6 4. Ba4 Nf6 5. O-O Be7 6. Re1 b5 7. Bb3 d6 8. c3 O-O 9. h3 Bb7 10. d4 Re8 11. a4 Bf8 12. Bg5 h6 13. Bxf6 Qxf6 14. Bd5 Rab8 15. axb5 axb5 16. Na3 Ne7 17. Bxb7 Rxb7 18. Qd3 Ng6 19. g3 c5 20. d5 c4 21. Qe2 Qd8 22. Nc2 Qd7 23. Kg2 Be7 24. Nd2 Bg5 25. Ne3 Ne7 26. Ndf1 g6 27. Qg4 Rd8 28. Qxd7 Rdxd7 29. Ra6 Nc8 30. Ra8 Rdc7 31. Rea1 Kg7 32. h4 Be7 33. Nc2 Nb6 34. R8a6 Na4 35. Rb1 Nc5 36. Rc6 Nxe4 37. Rxc7 Rxc7 38. Ra1 Nc5 39. Ra5 Rb7 40. Na3 b4 41. Nxc4 bxc3 42. bxc3 Rb3 43. Ra7 Bf8 44. Ra3 Rxa3 45. Nxa3 f5 46. Ne3 Kf7 47. h5 f4 48. gxf4 exf4 49. hxg6+ Kxg6 50. Nec4 Kf5 51. f3 Na4 52. Nb5 Kg6 53. Kh3 Kh5 54. Kg2 Be7 55. Kh3 Bf8 56. Kg2 Be7 1/2-1/2

[Event "9th Bangabandhu Team Mixed 2021"]
[Site "Dhaka"]
[Date "2021.04.06"]
[Round "3.4"]
[White "Sultana, Zakia"]
[Black "Nusrat Jahan, Alo"]
[Result "1-0"]
[ECO "D02"]
[WhiteElo "1786"]
[BlackElo "1712"]
[Annotator "NA"]
[PlyCount "107"]
[EventDate "2021.04.04"]
[EventType "team-tourn"]
[EventCountry "BAN"]
[SourceTitle "playchess.com"]
[Source "ChessBase"]
[SourceQuality "1"]
[TimeControl "5400+30"]

1. d4 d5 2. Nf3 Nf6 3. Bf4 Bf5 4. e3 e6 5. Nbd2 Bd6 6. Bg3 O-O 7. Be2 Nbd7 8. c3 Re8 9. Ne5 Bxe5 10. dxe5 Ne4 11. Nxe4 Bxe4 12. O-O c6 13. Qd2 Qc7 14. f4 f6 15. exf6 Nxf6 16. Bf3 Bf5 17. a4 Ne4 18. Bxe4 Bxe4 19. a5 a6 20. b4 Bf5 21. Qd4 Rac8 22. Qc5 Qe7 23. Rf2 g6 24. Rd2 Qxc5 25. bxc5 Rc7 26. h3 h5 27. Ra4 Rd7 28. Rb4 Ree7 29. Kf2 Rf7 30. Kg1 Kg7 31. Rbd4 Kf8 32. Kh2 Kg7 33. Bh4 Kf8 34. Bg5 Kg7 35. Kg3 Kf8 36. Kh4 Rh7 37. Bf6 Kf7 38. Be5 Re7 39. Rb4 Ke8 40. Bf6 Ref7 41. Bg5 Rd7 42. Rbd4 Rc7 43. Kg3 Rhf7 44. e4 Bxe4 45. Rxe4 Kd7 46. Re5 Rc8 47. Rb2 Rb8 48. Rbe2 Re8 49. Kf3 Rf5 50. g4 hxg4+ 51. hxg4 Rxe5 52. fxe5 Rf8+ 53. Bf6 Rf7 54. Rh2 1-0

[Event "9th Bangabandhu Team Mixed 2021"]
[Site "Dhaka"]
[Date "2021.04.06"]
[Round "3.5"]
[White "Rahman, Ziaur"]
[Black "Islam, Khandaker Aminul"]
[Result "1-0"]
[ECO "E04"]
[WhiteElo "2432"]
[BlackElo "2210"]
[Annotator "ChessBase"]
[PlyCount "115"]
[EventDate "2021.04.04"]
[EventType "team-tourn"]
[EventCountry "BAN"]
[SourceTitle "playchess.com"]
[Source "ChessBase"]
[SourceQuality "1"]
[TimeControl "5400+30"]

1. d4 e6 2. Nf3 Nf6 3. g3 d5 4. Bg2 c5 5. O-O Nc6 6. c4 dxc4 7. Ne5 Bd7 8. Na3 cxd4 9. Naxc4 Bc5 10. Qb3 Nxe5 11. Nxe5 O-O 12. Bf4 Bc8 13. Rac1 Qb6 14. Qc2 Be7 15. a3 Nd5 16. Nc4 Qa6 17. Be5 Bd7 18. Be4 h6 19. Bh7+ Kh8 20. Bd3 Bf6 21. Bxf6 Nxf6 22. Ne5 Bb5 23. Rfd1 Kg8 24. Nf3 Rad8 25. Bxb5 Qxb5 26. Rxd4 Rxd4 27. Nxd4 Qh5 28. Nf3 e5 29. Qc5 Re8 30. h4 Qg4 31. Qc4 e4 32. Nh2 Qd7 33. e3 a6 34. Kg2 Qd2 35. Rc2 Qd1 36. Qe2 Qd5 37. Rd2 Qf5 38. Qd1 Re5 39. Rd8+ Kh7 40. Rd4 Rc5 41. g4 Qe6 42. Rd6 Qc8 43. Rd8 Qe6 44. Qd6 Rc2 45. Qxe6 fxe6 46. Rd6 Rxb2 47. Rxe6 Kg6 48. Re7 a5 49. Kg3 b5 50. Re5 a4 51. g5 hxg5 52. hxg5 Nd7 53. Rxe4 Nc5 54. Rd4 b4 55. axb4 Nb3 56. Rd6+ Kh7 57. g6+ Kh6 58. Kh4 1-0

[Event "9th Bangabandhu Team Mixed 2021"]
[Site "Dhaka"]
[Date "2021.04.06"]
[Round "3.6"]
[White "Mohammad Minhaz Uddin"]
[Black "Reefat, Bin-Sattar"]
[Result "1/2-1/2"]
[ECO "C03"]
[WhiteElo "2281"]
[BlackElo "2401"]
[Annotator "ChessBase"]
[PlyCount "143"]
[EventDate "2021.04.04"]
[EventType "team-tourn"]
[EventCountry "BAN"]
[SourceTitle "playchess.com"]
[Source "ChessBase"]
[SourceQuality "1"]
[TimeControl "5400+30"]

1. e4 e6 2. d4 d5 3. Nd2 Be7 4. Bd3 c5 5. dxc5 Nf6 6. Qe2 O-O 7. Ngf3 a5 8. exd5 exd5 9. O-O Re8 10. Nb3 a4 11. Nbd4 Bxc5 12. Be3 Bg4 13. c3 Bxd4 14. cxd4 Nc6 15. Qd2 Ne4 16. Bxe4 dxe4 17. Ne5 Nxe5 18. dxe5 Rxe5 19. Qxd8+ Rxd8 20. h3 Be2 21. Rfe1 Bd3 22. Rad1 f5 23. Bg5 Rd7 24. Bf4 Rc5 25. Rd2 h6 26. h4 Kf7 27. f3 Rdd5 28. fxe4 Bxe4 29. Red1 Kg6 30. Kf2 Kh5 31. g3 Rxd2+ 32. Rxd2 g5 33. hxg5 hxg5 34. Bd6 Rc1 35. Re2 Kg4 36. Re1 Rc2+ 37. Re2 Rc6 38. Be5 Re6 39. Bb8 Rh6 40. Ke3 Rh1 41. a3 Rd1 42. Rd2 f4+ 43. gxf4 gxf4+ 44. Ke2 Rb1 45. Kf2 Rh1 46. Rd4 Rh2+ 47. Kg1 Re2 48. Kf1 Kf3 49. Bxf4 Rxb2 50. Bc1 Rb1 51. Rd1 b5 52. Re1 Bd3+ 53. Kg1 Be2 54. Bd2 Rb2 55. Ba5 Bc4 56. Re8 Rg2+ 57. Kh1 Ra2 58. Bb4 Bd5 59. Kg1 Be4 60. Bc5 Ra1+ 61. Kh2 Rc1 62. Rf8+ Ke2 63. Bb4 Bd5 64. Kg3 Rc4 65. Bd6 Kd3 66. Rf5 Bc6 67. Rc5 Bd7 68. Kf2 Kd4 69. Rxc4+ bxc4 70. Ke2 Kc3 71. Bb4+ Kc2 72. Ke3 1/2-1/2

[Event "9th Bangabandhu Team Mixed 2021"]
[Site "Dhaka"]
[Date "2021.04.06"]
[Round "3.7"]
[White "Mohammad Fahad, Rahman"]
[Black "Subrota, Biswas"]
[Result "0-1"]
[ECO "B12"]
[WhiteElo "2321"]
[BlackElo "2256"]
[Annotator "ChessBase"]
[PlyCount "72"]
[EventDate "2021.04.04"]
[EventType "team-tourn"]
[EventCountry "BAN"]
[SourceTitle "playchess.com"]
[Source "ChessBase"]
[SourceQuality "1"]
[TimeControl "5400+30"]

1. e4 c6 2. d4 d5 3. e5 Bf5 4. h4 h5 5. c4 e6 6. Nc3 Bb4 7. Nge2 Ne7 8. Ng3 Bg6 9. Bg5 Qa5 10. Qb3 c5 11. O-O-O Bxc3 12. Qxc3 Qxc3+ 13. bxc3 cxd4 14. Bxe7 Kxe7 15. cxd5 Rc8 16. d6+ Kd8 17. c4 b5 18. f4 Nc6 19. Be2 bxc4 20. Bxh5 Bxh5 21. Nxh5 d3 22. Nxg7 Rab8 23. h5 Nb4 24. a3 Na2+ 25. Kd2 Rb2+ 26. Ke3 Nc3 27. Rdg1 Nd5+ 28. Kf3 c3 29. h6 c2 30. f5 Kd7 31. fxe6+ fxe6 32. h7 d2 33. Nh5 Rh8 34. Nf6+ Nxf6 35. exf6 Kxd6 36. g4 Rxh7 0-1

[Event "9th Bangabandhu Team Mixed 2021"]
[Site "Dhaka"]
[Date "2021.04.06"]
[Round "3.8"]
[White "Noshin, Anjum"]
[Black "Sultana, Sharmin Shirin"]
[Result "1/2-1/2"]
[ECO "B43"]
[WhiteElo "1912"]
[BlackElo "2006"]
[Annotator "ChessBase"]
[PlyCount "119"]
[EventDate "2021.04.04"]
[EventType "team-tourn"]
[EventCountry "BAN"]
[SourceTitle "playchess.com"]
[Source "ChessBase"]
[SourceQuality "1"]
[TimeControl "5400+30"]

1. e4 c5 2. Nf3 e6 3. d4 cxd4 4. Nxd4 a6 5. Nc3 Qc7 6. Bd3 Nc6 7. Nxc6 dxc6 8. O-O Nf6 9. f4 Bc5+ 10. Kh1 e5 11. f5 b5 12. Bg5 Be7 13. a4 Bb7 14. Qf3 O-O 15. Qg3 Nh5 16. Qh4 Bxg5 17. Qxg5 Nf6 18. Rf3 Kh8 19. Qh4 b4 20. Nb1 c5 21. b3 Qd8 22. Nd2 Nd7 23. Qh5 Nf6 24. Qg5 h6 25. Qh4 Nh7 26. f6 gxf6 27. Qxh6 Rg8 28. Raf1 Rg6 29. Qh4 Kg7 30. Rg3 Ng5 31. Nf3 Qh8 32. Qxh8+ Rxh8 33. Nxg5 fxg5 34. Rf5 f6 35. Rf1 Rh4 36. Re1 Rgh6 37. h3 Kf8 38. Kg1 Rf4 39. Rge3 Rfh4 40. Rf1 Ke7 41. Rfe1 a5 42. Rf1 Rh7 43. Rfe1 g4 44. hxg4 Rxg4 45. Kf2 f5 46. Rg3 Rxg3 47. Kxg3 f4+ 48. Kf3 Kf6 49. Rg1 Bc8 50. g3 Rh3 51. Bf1 Rxg3+ 52. Rxg3 fxg3 53. Kxg3 Bb7 54. Kf3 Ke7 55. Bc4 Kd6 56. Bd3 Bc8 57. Bc4 Bb7 58. Bd3 Bc8 59. Bc4 Bb7 60. Bd3 1/2-1/2

[Event "9th Bangabandhu Team Mixed 2021"]
[Site "Dhaka"]
[Date "2021.04.06"]
[Round "3.9"]
[White "Sacchu, Afzal Hossain"]
[Black "Manon, Reja Neer"]
[Result "0-1"]
[ECO "A24"]
[WhiteElo "2008"]
[BlackElo "2112"]
[Annotator "ChessBase"]
[PlyCount "72"]
[EventDate "2021.04.04"]
[EventType "team-tourn"]
[EventCountry "BAN"]
[SourceTitle "playchess.com"]
[Source "ChessBase"]
[SourceQuality "1"]
[TimeControl "5400+30"]

1. c4 e5 2. g3 Nf6 3. Bg2 g6 4. Nc3 Bg7 5. d3 O-O 6. e4 d6 7. Nge2 Be6 8. O-O c6 9. h3 d5 10. cxd5 cxd5 11. f4 dxe4 12. dxe4 Qb6+ 13. Kh1 exf4 14. gxf4 Nc6 15. Na4 Qa5 16. Bd2 Qh5 17. Ng1 Qb5 18. Nc3 Qxb2 19. Rb1 Qa3 20. e5 Nh5 21. Nge2 Rab8 22. Qe1 Qa6 23. Kh2 Qd3 24. Rf3 Qd7 25. Rd1 Qe7 26. Re3 Bh6 27. Rd3 Rbd8 28. Bc1 Rxd3 29. Rxd3 Bc4 30. Rd6 Nxe5 31. fxe5 Qxe5+ 32. Kh1 Bxc1 33. Rd4 Bxe2 34. Nxe2 Qxe2 35. Qxc1 Qe5 36. Rd7 Ng3+ 0-1

[Event "9th Bangabandhu Team Mixed 2021"]
[Site "Dhaka"]
[Date "2021.04.06"]
[Round "3.10"]
[White "Rahman, Syed Mahfuzur"]
[Black "Avik, Sarker"]
[Result "1/2-1/2"]
[ECO "D61"]
[WhiteElo "2206"]
[BlackElo "2035"]
[Annotator "ChessBase"]
[PlyCount "114"]
[EventDate "2021.04.04"]
[EventType "team-tourn"]
[EventCountry "BAN"]
[SourceTitle "playchess.com"]
[Source "ChessBase"]
[SourceQuality "1"]
[TimeControl "5400+30"]

1. d4 d5 2. c4 e6 3. Nc3 Nf6 4. Bg5 Be7 5. Nf3 Nbd7 6. e3 h6 7. Bh4 O-O 8. Qc2 c5 9. cxd5 Nxd5 10. Bxe7 Qxe7 11. Nxd5 exd5 12. dxc5 Nxc5 13. Be2 Bg4 14. O-O Rac8 15. Rfd1 Rfd8 16. h3 Bh5 17. Qf5 Bg6 18. Qe5 Qxe5 19. Nxe5 Bc2 20. Rd2 Ne6 21. Bd1 Be4 22. f3 Bf5 23. Bb3 Nc7 24. Kf2 Be6 25. Rad1 Rd6 26. Rc1 f6 27. Ng6 Kf7 28. Nf4 Rc6 29. Rcd1 Rd8 30. e4 d4 31. Nxe6 Nxe6 32. Rxd4 Rxd4 33. Rxd4 Ke7 34. Rd2 Nf4 35. Ke3 g5 36. h4 Rd6 37. hxg5 Rxd2 38. gxf6+ Kxf6 39. Kxd2 Nxg2 40. Ke2 Nf4+ 41. Kf2 Kg5 42. Bc4 h5 43. Kg3 h4+ 44. Kf2 Kf6 45. Bf1 Ke5 46. Bc4 Kd4 47. Bf1 Ke5 48. Bb5 Kd4 49. b3 a5 50. Bf1 b6 51. Bc4 a4 52. Bf1 a3 53. Bc4 Ke5 54. Bf1 Kd4 55. Bc4 Ke5 56. Bf1 Kd4 57. Bc4 Ke5 1/2-1/2

[Event "9th Bangabandhu Team Mixed 2021"]
[Site "Dhaka"]
[Date "2021.04.06"]
[Round "3.11"]
[White "Bappi, A.b."]
[Black "Ghosh, Chanchal Kumer"]
[Result "1-0"]
[ECO "A18"]
[WhiteElo "1854"]
[BlackElo "2052"]
[Annotator "NA"]
[PlyCount "180"]
[EventDate "2021.04.04"]
[EventType "team-tourn"]
[EventCountry "BAN"]
[SourceTitle "playchess.com"]
[Source "ChessBase"]
[SourceQuality "1"]
[TimeControl "5400+30"]

1. c4 e6 2. Nc3 Nf6 3. e4 Bb4 4. e5 Ng8 5. Qg4 Bf8 6. d4 d6 7. Nf3 Nc6 8. Bg5 f6 9. exf6 Nxf6 10. Qh4 Be7 11. Bd3 Kf7 12. Rd1 g6 13. Qf4 Re8 14. Ne4 Kg7 15. Bh6+ Kg8 16. O-O Nxe4 17. Bxe4 Bf6 18. Rfe1 Qe7 19. a3 Nd8 20. Qd2 Nf7 21. Be3 Qf8 22. h3 Qg7 23. Ng5 Nd8 24. f4 c6 25. Bf2 Bd7 26. Bb1 Nf7 27. Ne4 Be7 28. Re2 b6 29. b4 d5 30. cxd5 exd5 31. Ng3 Nd6 32. Rde1 Bf6 33. f5 Rxe2 34. Rxe2 Re8 35. fxg6 hxg6 36. Rxe8+ Bxe8 37. Qf4 Nb5 38. Qe3 Qe7 39. Qd3 $11 Nxd4 40. Bxd4 Bxd4+ 41. Qxd4 Qe1+ 42. Kh2 Qxb1 43. Qe5 Bf7 44. Qb8+ Kg7 45. Qe5+ Kh7 46. Qf6 Kg8 47. Qxc6 Qb2 48. Qa8+ Kg7 49. Qxa7 Qf6 50. Qc7 b5 51. Qd7 Qb6 52. Qg4 Qc7 53. Qd4+ Kg8 54. Qc5 Qb8 55. Qd4 Be6 56. Qd3 Kf7 57. Kh1 Qe5 58. Ne2 Bd7 59. Kg1 Kf6 60. Qf3+ Kg7 61. Qd3 Bf5 62. Qd4 Kf6 63. Kf2 Bd7 64. Qxe5+ Kxe5 65. Ke3 Bc6 66. g4 Bd7 67. Nd4 Be8 68. Nf3+ Ke6 69. Kd4 Kd6 70. h4 Bd7 71. Ne5 Be8 72. Nd3 Bd7 73. h5 gxh5 74. gxh5 Bf5 75. Nf4 Bc2 76. Nd3 Ke6 77. Nf4+ Kf5 78. Nxd5 Kg5 79. Nc3 Kxh5 80. Nxb5 Kg6 81. Ke5 Kf7 82. Kd6 Ke8 83. Kc7 Ke7 84. Nc3 Ke6 85. b5 Bd3 86. b6 Ba6 87. b7 Bxb7 88. Kxb7 Kd6 89. a4 Kc5 90. a5 Kd4 1-0

[Event "9th Bangabandhu Team Mixed 2021"]
[Site "Dhaka"]
[Date "2021.04.06"]
[Round "3.12"]
[White "Kazi Zarin, Tasnim"]
[Black "Israt, Jahan Diba"]
[Result "1-0"]
[ECO "B22"]
[WhiteElo "1790"]
[BlackElo "1675"]
[Annotator "NA"]
[PlyCount "41"]
[EventDate "2021.04.04"]
[EventType "team-tourn"]
[EventCountry "BAN"]
[SourceTitle "playchess.com"]
[Source "ChessBase"]
[SourceQuality "1"]
[TimeControl "5400+30"]

1. e4 c5 2. c3 d6 3. d4 cxd4 4. cxd4 Nf6 5. Nc3 e6 6. Bd3 Nc6 7. Nf3 Be7 8. O-O O-O 9. a3 a6 10. Re1 b5 11. e5 Nd5 12. Qc2 Nxc3 13. Bxh7+ Kh8 14. bxc3 g6 15. Bxg6 fxg6 16. Qxg6 Qe8 17. Qh6+ Kg8 18. Re4 Qd8 19. Rg4+ Bg5 20. Qg6+ Kh8 21. Nxg5 1-0